 Dungeon Crawl Stone Soup version 0.30-a0-737-gf23d94013f (webtiles) character file.

Game seed: 1647411333596039343

2908 vineage the Basher (level 9, -3/57 HPs)
             Began as a Gargoyle Fighter on Feb 1, 2023.
             Was a Follower of Okawaru.
             Slain by a two-headed ogre
             ... wielding a +0 giant club
              (25 damage)
             ... on level 8 of the Dungeon.
             The game lasted 00:08:32 (8189 turns).

vineage the Basher (Gargoyle Fighter)               Turns: 8189, Time: 00:08:33

Health: -3/57      AC: 26    Str: 22    XL:     9   Next: 78%
Magic:  8/9        EV:  3    Int:  9    God:    Okawaru [*.....]
Gold:   484        SH: 13    Dex: 11    Spells: 8/8 levels left

rFire   + . .      SeeInvis .    G - +2 flail
rCold   . . .      Faith    .    o - +0 tower shield
rNeg    + . .      Spirit   .    A - +0 plate armour
rPois   ∞          Reflect  .    (no helmet)
rElec   +          Harm     .    q - +0 cloak {Stlth+}
rCorr   .          Rampage  .    H - +0 pair of gloves
Will    .....                    (no boots) Stlth
                                 (no amulet)
HPRegen 0.29/turn                r - ring of protection from fire
MPRegen 0.11/turn                F - +4 ring of protection

@: no status effects
A: sickness immunity, AC +6, negative energy resistance 1, electricity
resistance, torment resistance 1, petrification resistance
a: Renounce Religion, Heroism


You were on level 8 of the Dungeon.
You worshipped Okawaru.
Okawaru was aware of your devotion.
You visited 2 branches of the dungeon, and saw 9 of its levels.
You also visited: Ossuary.

You collected 484 gold pieces.

Inventory:

Hand Weapons
 a - a +1 flail
 s - a +1 hammer of holy wrath
 G - a +2 flail (weapon)
Missiles
 t - 4 throwing nets (quivered)
Armour
 o - a +0 tower shield (worn)
 q - a +0 cloak of stealth (worn)
 A - a +0 plate armour (worn)
 H - a +0 pair of gloves (worn)
Jewellery
 g - an amulet of faith
 r - a ring of protection from fire (left hand)
 x - a ring of positive energy
 y - a ring of magical power
 B - a ring of willpower
 D - a ring of protection from fire
 F - a +4 ring of protection (right hand)
Wands
 k - a wand of iceblast (18)
 E - a wand of charming (13)
Scrolls
 b - 3 scrolls of torment
 c - 5 scrolls of identify
 e - a scroll of vulnerability
 j - a scroll of summoning
 m - 6 scrolls of teleportation
 w - 2 scrolls of poison {unknown}
 C - a scroll of amnesia {unknown}
Potions
 d - 2 potions of might
 f - 8 potions of curing
 h - a potion of heal wounds
 i - a potion of ambrosia {unknown}
 l - 3 potions of mutation
 n - a potion of cancellation
 p - 3 potions of brilliance
 u - a potion of lignification {unknown}
 v - a potion of berserk rage {unknown}
 z - a potion of flight {unknown}


   Skills:
 + Level 7.5 Fighting
 * Level 9.0 Maces & Flails
 + Level 6.8 Armour
 + Level 6.8 Shields


You had 8 spell levels left.
You didn't know any spells.
Your spell library contained the following spells:

 Spells                   Type           Power      Damage    Failure   Level
 Apportation              Tloc           0%         N/A       100%        1
 Necrotise                Necr           0%         1d4       100%        1
 Slow                     Hex            0%         N/A       100%        1
 Blink                    Tloc           0%         N/A       100%        2
 Lesser Beckoning         Tloc           0%         N/A       100%        2
 Momentum Strike          Conj/Tloc      0%         3d8       100%        2
 Ignite Poison            Fire/Tmut/Pois 0%         N/A       100%        3
 Cause Fear               Hex            0%         N/A       100%        4
 Sticky Flame             Conj/Fire      0%         2d3       100%        4
 Dragon Form              Tmut           0%         N/A       100%        7
 Ignition                 Fire           0%         3d3       100%        8
 Summon Small Mammal      Summ           Unusable   N/A       N/A         1
 Call Canine Familiar     Summ           Unusable   N/A       N/A         3
 Summon Guardian Golem    Hex/Summ       Unusable   N/A       N/A         3
 Dragon's Call            Summ           Unusable   N/A       N/A         9

Dungeon Overview and Level Annotations

Branches:
Dungeon (8/15)             Temple (1/1) D:4            Lair (0/5) D:8
Ossuary (visited)

Altars:
Ashenzari
Cheibriados
Dithmenos
Elyvilon
Hepliaklqana
Kikubaaqudgha
Okawaru
Qazlal
Sif Muna
Trog
Uskayaw
Wu Jian
Yredelemnul
Zin
The Shining One
Lugonu

Shops:
D:5 [


Innate Abilities, Weirdness & Mutations

You are immune to sickness and miasma.
Your stone body is resilient. (AC +6)
You are immune to poison.
You resist negative energy. (rN+)
You are resistant to electric shocks. (rElec)
You are resistant to unholy torment.
You are immune to petrification.


Message History

You barely miss the two-headed ogre.
The two-headed ogre is moderately wounded.
You hit the two-headed ogre but do no damage.
The two-headed ogre is moderately wounded.
You block the two-headed ogre's attack.
The two-headed ogre hits you with a +0 giant club.
You sock the two-headed ogre!
The two-headed ogre is heavily wounded.
You block the two-headed ogre's attack.
The two-headed ogre hits you but does no damage.
You thump the two-headed ogre!
The two-headed ogre is heavily wounded.
You hit the two-headed ogre.
The two-headed ogre is severely wounded.
The two-headed ogre hits you with a +0 giant club!
You block the two-headed ogre's attack.
You hit the two-headed ogre.
The two-headed ogre is severely wounded.
You feel like a meek peon again.
The two-headed ogre hits you with a +0 giant club!
The two-headed ogre hits you with a +0 giant club.
You are too injured to fight recklessly!
You are too injured to fight recklessly!
You are too injured to fight recklessly!
You are too injured to fight recklessly!
You are too injured to fight recklessly!
You are too injured to fight recklessly!
You are too injured to fight recklessly!
You are too injured to fight recklessly!
You are too injured to fight recklessly!
You are too injured to fight recklessly!
You are too injured to fight recklessly!
You are too injured to fight recklessly!
You are too injured to fight recklessly!
You are too injured to fight recklessly!
You are too injured to fight recklessly!
You hit the two-headed ogre.
The two-headed ogre is severely wounded.
The two-headed ogre hits you with a +0 giant club!!
You die...

######### ###
#.......# .....
#.......#######.....
#...................
#....O@.#####.......
#####.#.....#.......
#.#.###.<....# #.#.#
#<.....###
###.#.####........
#####>....#...........
#...........##........
#.....................
#...........###.......


You could see a two-headed ogre.

Vanquished Creatures
  A water moccasin (D:7)
  Duvessa (D:7)
  2 sky beasts
  An ice beast (D:7)
  3 black bears
  3 centaurs
  A necrophage (D:6)
  2 bullfrogs (D:7)
  2 gnoll sergeants (D:7)
  3 scorpions
  8 wights
  Dowan (D:7)
  A howler monkey (D:8)
  3 human zombies (Ossuary)
  4 orc priests (D:7)
  3 jellies
  Crazy Yiuf (D:4)
  A centaur zombie (Ossuary)
  3 hounds
  2 gnoll boudas (D:7)
  Jessica (D:3)
  An iguana (D:5)
  3 orc wizards
  3 mummies
  14 gnolls (D:7)
  4 adders
  A shadow imp (D:6)
  2 white imps
  An ufetubus (D:6)
  3 worms (D:2)
  18 orcs
  7 ball pythons
  6 endoplasms
  A giant cockroach (D:4)
  6 hobgoblins
  5 quokkas
  3 bats
  5 frilled lizards
  8 goblins
  2 goblin zombies (Ossuary)
  13 hobgoblin zombies (Ossuary)
  2 jackal zombies (Ossuary)
  6 kobolds
  5 kobold zombies
  5 orc zombies (Ossuary)
  5 rats
  2 rat zombies (Ossuary)
178 creatures vanquished.

Vanquished Creatures (others)
  2 fungi (D:8)
  2 plants (D:8)
  4 toadstools (D:1)
8 creatures vanquished.

Grand Total: 186 creatures vanquished

Notes
Turn   | Place    | Note
-------+----------+-------------------------------------------
     0 | D:1      | vineage the Gargoyle Fighter began the quest for the Orb.
     0 | D:1      | Reached XP level 1. HP: 14/14 MP: 1/1
   135 | D:1      | Reached XP level 2. HP: 19/19 MP: 2/2
   437 | D:1      | Reached skill level 3 in Maces & Flails
   440 | D:1      | Reached XP level 3. HP: 23/24 MP: 3/3
  1329 | D:2      | Reached XP level 4. HP: 29/29 MP: 4/4
  2014 | D:3      | Reached skill level 4 in Maces & Flails
  2117 | D:3      | Found a stormy altar of Qazlal.
  2308 | D:3      | Noticed Jessica
  2314 | D:3      | Killed Jessica
  2315 | D:3      | Reached XP level 5. HP: 34/34 MP: 5/5
  2329 | D:3      | Got Jessica's Anthology of the Goat
  2520 | D:4      | Found a staircase to the Ecumenical Temple.
  2524 | Temple   | Entered the Ecumenical Temple
  2650 | D:4      | Found a sand-covered staircase.
  2659 | Ossuary  | Entered an ossuary
  2874 | Ossuary  | Reached XP level 6. HP: 39/39 MP: 6/6
  2989 | Ossuary  | Reached skill level 5 in Maces & Flails
  3112 | D:4      | Found a runed translucent door.
  3113 | D:4      | Noticed Crazy Yiuf
  3793 | D:4      | Killed Crazy Yiuf
  3907 | D:5      | Entered Level 5 of the Dungeon
  3933 | D:5      | Reached skill level 5 in Fighting
  4066 | D:5      | Found Veuwnule's Antique Armour Shop.
  4190 | D:5      | Reached XP level 7. HP: 44/44 MP: 7/7
  4744 | D:5      | Reached skill level 6 in Maces & Flails
  5226 | D:6      | Reached XP level 8. HP: 51/51 MP: 8/8
  5289 | D:6      | Reached skill level 5 in Armour
  5289 | D:6      | Reached skill level 5 in Shields
  5424 | D:6      | Reached skill level 7 in Maces & Flails
  6221 | D:7      | Reached XP level 9. HP: 18/56 MP: 9/9
  6716 | D:7      | Found a bloodstained altar of Trog.
  6767 | D:7      | Reached skill level 8 in Maces & Flails
  6990 | D:7      | Found a shadowy altar of Dithmenos.
  7004 | D:7      | Found an iron altar of Okawaru.
  7016 | D:7      | Found a white marble altar of Elyvilon.
  7037 | D:7      | Became a worshipper of Warmaster Okawaru
  7272 | D:7      | Noticed Duvessa
  7284 | D:7      | Killed Duvessa
  7285 | D:7      | Noticed Dowan
  7294 | D:7      | Killed Dowan
  7444 | D:7      | Found a broken altar of Ashenzari.
  7813 | D:8      | Found a basalt altar of Yredelemnul.
  7912 | D:8      | Found a staircase to the Lair.
  7970 | D:8      | Reached * piety under Okawaru
  8070 | D:8      | Reached skill level 9 in Maces & Flails
  8176 | D:8      | Noticed a two-headed ogre
  8189 | D:8      | Slain by a two-headed ogre

Illustrated notes

Levels and vault maps discovered:
D:1:      ldierk_walled_garden_2, layout_loops_ring, minmay_distorted
D:2:      layout_basic, supply_closet_lemuel
D:3:      layout_rooms, nicolae_overflow_hidden_temple, nrook_uturn,
          kennysheep_jessica_study
D:4:      layout_loops_ring, temple_hall_moat, nicolae_ossuary_entry_giza,
          chequers_avenue, uniq_crazy_yiuf_cottage
D:5:      layout_loops_corners, serial_shops, shop
D:6:      layout_basic, amcnicky_mini_pool_small, minmay_hedge_maze,
          dreamdust_mushroom_princess
D:7:      minmay_recursive_quarters, layout_loops_ring, bloody_trog,
          mainiacjoe_overflow_catwalk_spiral, nicolae_dithmenos_the_darkroom,
          kennysheep_mini_moat, uniq_duvessa
D:8:      layout_basic, nicolae_overflow_crystal_walls, dpeg_oklobed_lair
Temple:   corrupted_temple

Skill      XL: |  1  2  3  4  5  6  7  8  9 |
---------------+----------------------------+-----
Maces & Flails | 3 4 5 6 7 9 |  9.0
Fighting       | 4 5 6 7 |  7.5
Armour         | 4 5 6 |  6.8
Shields        | 4 5 6 |  6.8

Action                     |  1- 3 |  4- 6 |  7- 9 || total
---------------------------+-------+-------+-------++-------
  Melee: Flail             |   127 |   248 |    33 ||   408
         Mace              |       |    22 |   335 ||   357
 Invoke: Heroism           |       |       |     1 ||     1
    Use: Scroll            |     2 |    12 |     1 ||    15
         Potion            |       |       |     3 ||     3
 Armour: Scale mail        |    31 |       |       ||    31
         Chain mail        |    21 |   135 |    31 ||   187
         Plate armour      |       |       |   283 ||   283
  Dodge: Dodged            |    59 |    28 |    36 ||   123
  Block: Buckler           |    29 |     4 |       ||    33
         Tower shield      |       |   159 |   302 ||   461

Table legend: (Time is in decaauts)
 A = Elapsed time spent in this place.
 B = Non-inter-level travel time spent in this place.
 C = Inter-level travel time spent in this place.
 D = Time resting spent in this place.
 E = Time spent auto-exploring this place.
 F = Levels seen in this place.
 G = Mean time per level.
                   A        B        C        D        E       F      G
               +--------+--------+--------+--------+--------+-----+--------+
         Total |   8504 |   8104 |    400 |   1127 |   5189 |  10 |  850.4 |
       Dungeon |   8004 |   7616 |    388 |   1127 |   4972 |   8 | 1000.5 |
        Temple |     45 |     33 |     12 |      0 |     25 |   1 |   45.0 |
       Ossuary |    454 |    454 |      0 |      0 |    192 |   1 |  454.0 |
               +--------+--------+--------+--------+--------+-----+--------+

Top non-repeatable levels by time:
     D:7: 1668 daAuts
     D:5: 1289 daAuts
     D:4: 1064 daAuts
     D:2: 1054 daAuts
     D:6: 856 daAuts
     D:1: 781 daAuts
     D:3: 676 daAuts
     D:8: 614 daAuts
 Ossuary: 454 daAuts
  Temple: 45 daAuts
